 Dungeon Crawl Stone Soup version 0.18-a0-20-gaede791 (webtiles) character file.

17545 CrazyOwl the Spear-Bearer (level 12, -29/106 HPs)
             Began as a Naga Fighter on Nov 2, 2015.
             Was an Elder of Makhleb.
             Killed from afar by Frances (31 damage)
             ... with an iron shot
             ... on level 12 of the Dungeon.
             The game lasted 00:48:04 (16308 turns).

CrazyOwl the Spear-Bearer (Naga Fighter)           Turns: 16308, Time: 00:48:05

Health: -29/106    AC: 23    Str: 18    XL:     12   Next: 49%
Magic:  0/18       EV:  7    Int: 10    God:    Makhleb [****..]
Gold:   748        SH: 11    Dex: 19    Spells: 0 memorised, 11 levels left

rFire  + . .     SeeInvis +     n - +3 trident (pierce)
rCold  . . .     Clarity  .     O - +2 plate armour {rF+}
rNeg   . . .     SustAt   .     c - +0 shield
rPois  +         Gourm    .     j - +0 helmet
rElec  .         Spirit   +     K - +1 cloak {rPois}
rCorr  .         Warding  .     (no gloves)
rMut   .         Stasis   .     (no barding)
MR     +....                    G - amulet of guardian spirit
Stlth  ..........               S - +4 ring of dexterity
                                W - +5 ring of protection

@: very slightly contaminated, invisible, very slow, somewhat resistant to
hostile enchantments, extremely unstealthy
A: see invisible, deformed body, poison resistance, slowness 2, slow metabolism
1, spit poison 2, AC +4
a: Spit Poison, Minor Destruction, Lesser Servant of Makhleb, Major Destruction,
Renounce Religion


You were on level 12 of the Dungeon.
You worshipped Makhleb.
Makhleb was greatly pleased with you.
You were near starving.

You visited 2 branches of the dungeon, and saw 13 of its levels.
You visited the Abyss 1 time.
You also visited: Ossuary.

You collected 748 gold pieces.

Inventory:

Hand Weapons
 h - a +4 spear
 n - a +3 trident of piercing (weapon)
Armour
 c - a +0 shield (worn)
 j - a +0 helmet (worn)
 K - a +1 cloak of poison resistance (worn)
 O - a +2 plate armour of fire resistance (worn)
Jewellery
 d - an uncursed ring of protection from cold
 m - an uncursed ring of flight
 G - an amulet of guardian spirit (around neck)
 L - an uncursed ring of protection from fire
 S - a +4 ring of dexterity (right hand)
 U - a +2 ring of dexterity
 W - a +5 ring of protection (left hand)
Wands
 o - a wand of fire (5)
 u - a wand of disintegration (10)
 B - a wand of invisibility (4)
 H - a wand of polymorph (14)
 P - a wand of lightning (8)
 R - a wand of disintegration (8)
 X - a wand of flame (31)
Scrolls
 b - 3 scrolls of teleportation
 f - a scroll of random uselessness {unknown}
 g - 10 scrolls of remove curse
 i - 3 scrolls of recharging {unknown}
 k - a scroll of fog {unknown}
 y - 2 scrolls of magic mapping {unknown}
 A - a scroll of blinking {unknown}
 E - a scroll of fear
 F - a scroll of vulnerability {unknown}
 I - a scroll of noise {unknown}
 J - a scroll of torment {unknown}
 Q - a scroll of identify
 T - a scroll of amnesia {unknown}
Potions
 e - 2 potions of invisibility
 l - 2 potions of cancellation
 p - a potion of resistance
 r - 3 potions of magic
 v - 2 potions of lignification
 w - 4 potions of flight
 x - a potion of brilliance
 z - a potion of curing
 C - a potion of haste
 D - 2 potions of ambrosia
 M - 2 potions of agility
 V - a potion of poison {unknown}
 Y - a potion of berserk rage
Books
 a - a book of Alchemy

   Spells                             Type                      Level
   a - Sublimation of Blood           Necromancy                   2
   b - Ignite Poison                  Fire/Transmutation/Poison    3
   c - Alistair's Intoxication        Transmutation/Poison         4
   d - Condensation Shield            Ice                          4
   e - Petrify                        Transmutation/Earth          4
   f - Irradiate                      Conjuration/Transmutation    5
Comestibles
 q - 7 bread rations
 s - 3 meat rations
 t - 6 beef jerkies
 N - 5 fruits


   Skills:
 + Level 6.3 Fighting
 - Level 10.6 Polearms
 + Level 7.4 Armour
 * Level 8.1 Dodging
 + Level 5.9 Shields
 * Level 8.8 Invocations


You had 11 spell levels left.
You didn't know any spells.

Dungeon Overview and Level Annotations

Branches:
Dungeon (12/15)            Temple (1/1) D:4            Lair (0/8) D:11
    Orc (0/4) D:9

Altars:
Ashenzari
Cheibriados
Dithmenos
Elyvilon
Fedhas
Gozag
Kikubaaqudgha
Makhleb
Nemelex Xobeh
Okawaru
Qazlal
Ru
Sif Muna
Trog
Vehumet
Xom
Yredelemnul
Zin
The Shining One

Shops:
D:4 [   D:6 ?   D:8 %

Annotations:
D:12 Frances


Innate Abilities, Weirdness & Mutations

You cannot wear boots.
Your serpentine skin is tough (AC +4).
You have supernaturally acute eyesight.
Armour fits poorly on your strangely shaped body.
Your system is resistant to poisons.
You cover ground very slowly.
You have a slow metabolism.
You can spit poison.


Message History

You hit Frances but do no damage.
Frances is almost dead.
The neqoxec hits you but does no damage.
Frances closely misses you.
You hit Frances.
Frances is almost dead.
Frances hits you with a short sword of holy wrath!
* * * LOW HITPOINT WARNING * * *
The neqoxec gestures.
You hit Frances but do no damage.
Frances is almost dead.
Frances hits you with a short sword of holy wrath.
* * * LOW HITPOINT WARNING * * *
You barely miss Frances.
Frances is almost dead.
You have got your breath back.
You are near starving!
Frances whispers indecipherable words.
The iron shot hits you!
You die...

#.# #..#
#..# #.#
#.)####..#
#.#
#.)......#
#.#
#.o......#
#.#
#3.......#
#.#
#4.#####.#
#.# #..#
#.#
#.###Y.#
#.#
#..@@Y4#
#Y#
#.53535#
#o######.
######.#
#........
#.#
#........
#.#
#....Y.@Y
#.#
#.######Y
#.# #.#
#.#####.#
#...<.).#


You could see Frances, a hellwing, 2 yaks, a neqoxec, a chaos spawn, 2 white
imps and an ufetubus.

Vanquished Creatures
  Erolcha (D:9)
  Erica (D:10)
  An unseen horror (D:10)
  3 hill giants
  An ugly thing (D:9)
  A manticore (D:10)
  Maurice (D:11)
  Joseph (D:7)
  An apocalypse crab (Abyss:1)
  5 two-headed ogres
  A troll (D:10)
  A merfolk (D:10)
  4 wyverns
  A deep elf mage (D:12)
  9 yaks
  3 hippogriffs
  A hog (D:10)
  Menkaure (D:5)
  A deep elf fighter (D:11)
  4 hungry ghosts
  A neqoxec (Abyss:1)
  4 orc warriors
  5 ice beasts
  3 ogres
  2 sky beasts
  2 phantoms
  8 black bears (D:10)
  A large abomination (Abyss:1)
  A necrophage (D:10)
  A wasp (D:11)
  10 centaurs
  2 big kobolds
  An elf zombie (D:4)
  2 gnoll sergeants (D:10)
  7 giant frogs
  3 scorpions
  An elf skeleton (D:4)
  5 killer bees (D:9)
  5 electric eels (D:10)
  2 giant frog zombies
  A centaur zombie (D:8)
  A quasit (D:6)
  9 wights
  3 crimson imps
  A gnoll shaman (D:10)
  5 hounds
  16 orc wizards
  3 iguanas
  A human skeleton (D:4)
  3 centaur skeletons
  2 giant frog skeletons
  2 jellies
  7 worker ants
  7 orc priests
  5 sheep (D:10)
  A hound zombie (D:11)
  12 mummies (Ossuary)
  A hound skeleton (D:4)
  4 worker ant zombies
  13 adders
  10 gnolls
  A river rat (D:11)
  A shadow imp (D:6)
  3 oozes
  An adder zombie (D:6)
  8 worms
  2 adder skeletons (D:9)
  12 giant geckos
  44 orcs
  21 bats
  9 goblins
  8 hobgoblins
  9 jackals
  34 kobolds
  A quokka (D:3)
  2 ball pythons
  8 giant cockroaches
  7 giant newts
  2 gnoll skeletons (Ossuary)
  3 goblin skeletons (Ossuary)
  A kobold skeleton (Ossuary)
  5 orc skeletons
  A quokka skeleton (D:4)
  2 quokka zombies
  17 rats
  11 rat skeletons (Ossuary)
  6 plants (D:10)
434 creatures vanquished.

Vanquished Creatures (collateral kills)
  A two-headed ogre (D:10)
  An orc warrior (D:10)
  A jelly (D:10)
  An orc priest (D:10)
4 creatures vanquished.

Vanquished Creatures (others)
  A hound skeleton (D:6)
  2 fungi (D:11)
  5 plants
8 creatures vanquished.

Grand Total: 446 creatures vanquished

Notes
Turn   | Place    | Note
--------------------------------------------------------------
     0 | D:1      | CrazyOwl the Naga Fighter began the quest for the Orb.
     0 | D:1      | Reached XP level 1. HP: 21/21 MP: 1/1
   116 | D:1      | Reached XP level 2. HP: 28/28 MP: 2/2
   306 | D:1      | Reached XP level 3. HP: 9/34 MP: 3/3
   913 | D:2      | Found a sacrificial altar of Ru.
  1049 | D:2      | Reached skill level 4 in Polearms
  1097 | D:2      | Reached XP level 4. HP: 34/42 MP: 4/4
  1221 | D:2      | Found a snail-covered altar of Cheibriados.
  1549 | D:2      | Found an iron altar of Okawaru.
  1692 | D:3      | Reached skill level 5 in Polearms
  1692 | D:3      | Reached XP level 5. HP: 36/49 MP: 5/5
  2600 | D:4      | Found Juzi's Armour Shoppe.
  2624 | D:4      | Reached skill level 6 in Polearms
  2624 | D:4      | Reached XP level 6. HP: 37/56 MP: 6/6
  2983 | D:4      | Found a sand-covered staircase.
  2999 | Ossuary  | Entered an ossuary
  3026 | Ossuary  | Reached XP level 7. HP: 35/62 MP: 7/7
  3367 | Ossuary  | Reached skill level 7 in Polearms
  3636 | D:4      | Found a staircase to the Ecumenical Temple.
  3640 | D:4      | Reached XP level 8. HP: 16/73 MP: 8/8
  3722 | D:4      | HP: 3/73 [orc priest/divine providence (13)]
  4068 | Temple   | Entered the Ecumenical Temple
  4374 | D:4      | Reached skill level 8 in Polearms
  4690 | D:5      | Entered Level 5 of the Dungeon
  4812 | D:5      | Found a blossoming altar of Fedhas.
  4887 | D:5      | Noticed Menkaure
  4908 | D:5      | Reached skill level 5 in Fighting
  4911 | D:5      | HP: 1/74 [Menkaure (5)]
  4913 | D:5      | Killed Menkaure
  5372 | D:6      | Found Erghon's Magic Scroll Shoppe.
  5442 | D:6      | Reached skill level 9 in Polearms
  5566 | D:6      | Reached XP level 9. HP: 55/82 MP: 7/9
  5755 | D:6      | Reached skill level 1 in Dodging
  6149 | D:6      | Reached skill level 5 in Armour
  6854 | D:7      | Reached skill level 10 in Polearms
  6913 | D:7      | Found a burning altar of Makhleb.
  6922 | D:7      | Became a worshipper of Makhleb the Destroyer
  6936 | D:7      | Found a glowing golden altar of the Shining One.
  7214 | D:7      | Reached XP level 10. HP: 81/91 MP: 10/10
  7232 | D:7      | Reached * piety under Makhleb
  7751 | D:7      | Noticed Joseph
  7775 | D:7      | Killed Joseph
  8446 | D:8      | Found Yxajack's Food Shop.
  8876 | D:9      | Reached skill level 1 in Invocations
  9003 | D:9      | HP: 6/136 [killer bee (2)]
  9025 | D:9      | HP: 3/91 [killer bee (5)]
  9341 | D:9      | Found a staircase to the Orcish Mines.
  9922 | D:9      | Noticed Erolcha
  9923 | D:9      | Noticed a white ugly thing
 10005 | D:9      | Noticed a frost giant
 10209 | D:9      | Noticed a hill giant
 10234 | D:9      | Killed a hill giant
 10234 | D:9      | Reached skill level 5 in Dodging
 10372 | D:9      | Killed a white ugly thing
 10561 | D:9      | Cast into the Abyss (Erolcha)
 10620 | Abyss:1  | Gained mutation: You are dopey. (Int -2) [a neqoxec]
 10625 | Abyss:1  | Noticed an apocalypse crab
 10665 | Abyss:1  | Killed an apocalypse crab
 10665 | Abyss:1  | Reached XP level 11. HP: 29/97 MP: 5/14
 10671 | Abyss:1  | Gained mutation: You expend magic power (3 MP) to strengthen your wands. [a neqoxec]
 10679 | Abyss:1  | Gained mutation: Your magical capacity is low (-10% MP). [a neqoxec]
 10797 | Abyss:1  | Noticed a thrashing horror
 10821 | Abyss:1  | Noticed a large abomination
 10980 | Abyss:1  | Noticed a starcursed mass
 11218 | D:9      | Escaped the Abyss
 11222 | D:9      | Lost mutation: You are dopey. (Int -2) [potion of cure mutation]
 11222 | D:9      | Lost mutation: Your magical capacity is low (-10% MP). [potion of cure mutation]
 11222 | D:9      | Lost mutation: You expend magic power (3 MP) to strengthen your wands. [potion of cure mutation]
 11533 | D:9      | Killed Erolcha
 11533 | D:9      | Reached skill level 5 in Invocations
 12070 | D:9      | Reached ** piety under Makhleb
 12310 | D:10     | Entered Level 10 of the Dungeon
 12796 | D:10     | Reached skill level 5 in Shields
 13223 | D:10     | Reached *** piety under Makhleb
 14271 | D:10     | Found an ancient bone altar of Kikubaaqudgha.
 14711 | D:10     | Noticed an unseen horror
 14717 | D:10     | Killed an unseen horror
 14717 | D:10     | Reached XP level 12. HP: 98/104 MP: 17/17
 14920 | D:10     | Noticed Erica
 14944 | D:10     | Killed Erica
 15154 | D:10     | Reached **** piety under Makhleb
 15785 | D:11     | Noticed Maurice
 15810 | D:11     | Killed Maurice
 15968 | D:11     | Found a staircase to the Lair.
 16256 | D:12     | Noticed Frances
 16306 | D:12     | HP: 5/106 [Frances/short sword of holy wrath (7)]
 16307 | D:12     | HP: 1/106 [Frances/short sword of holy wrath (4)]
 16308 | D:12     | Killed from afar by Frances

Vault maps used:
D:1:      lemuel_arrival_broad_hall
D:2:      lemuel_doored_altar, lemuel_crystal_altar, kennysheep_okawaru_gauntlet
D:3:      grunt_decor_mini_mirrors
D:4:      first_bread, serial_shops, shop, nicolae_ossuary_entry_catacombs
D:5:      fedhas_altar_2, uniq_menkaure
D:6:      kennysheep_kobold_camp, gup_sewer_entry_spiral, serial_glass,
          glass_columns_b, glass_columns_b, glass_columns_a, glass_columns_a,
          glass_columns_c, glass_columns_a, feat_on_display,
          minmay_strange_pillars, feat_on_display, minmay_strange_pillars,
          serial_shops, shop, minmay_bad_closet
D:7:      nicolae_whirlpool, lemuel_crystal_altar, kennysheep_mini,
          grunt_ogre_cave, abandoned_shop, uniq_joseph
D:8:      serial_shops, shop
D:9:      minmay_diamond_stairs, uniq_erolcha
D:10:     kennysheep_town, uniq_erica
D:11:     grunt_lair_entry_elf_guard_hut, uniq_maurice
D:12:     uniq_frances, uniq_fannar
Temple:   circular_temple_13
Abyss:1:  hangedman_cross_veins
Abyss:2:  minivault_5, serial_sigils_hangedman_quiver
Ossuary:  ossuary_due_small_catacomb

Action                   |  1- 3 |  4- 6 |  7- 9 | 10-12 || total
-------------------------+-------+-------+-------+-------++-------
Melee: Trident           |    20 |       |       |   194 ||   214
       Spear             |    74 |   261 |   852 |  1039 ||  2226
Invok: Minor Destruction |       |       |       |   251 ||   251
       Lesser Servant of |       |       |       |     8 ||     8
       Major Destruction |       |       |       |     1 ||     1
 Abil: Spit Poison       |    11 |    17 |    11 |    34 ||    73
  Use: Scroll            |       |     4 |       |    20 ||    24
       Potion            |       |       |     4 |    12 ||    16
 Stab: Distracted        |       |       |       |     1 ||     1
       Invisible         |       |       |       |     3 ||     3
  Eat: Chunk             |     1 |     6 |     4 |    25 ||    36
       Bread ration      |       |       |     3 |       ||     3
       Meat ration       |       |       |       |     2 ||     2
       Beef jerky        |       |       |       |     4 ||     4
       Pizza             |       |       |       |     1 ||     1
       Fruit             |       |       |       |     1 ||     1
